 Dungeon Crawl Stone Soup version 0.29-a0-350-g7790a0e70a (webtiles) character file.

Game seed: 995365166537651690

209109 zishaf the Rapturous (level 18, -2/160 HPs)
             Began as a Vine Stalker Brigand on Apr 22, 2022.
             Was a Priest of Uskayaw.
             Slain by a sixfirhy (6 damage)
             ... summoned by an obsidian statue
             ... in an ice cave.
             The game lasted 01:26:48 (32399 turns).

zishaf the Rapturous (Vine Stalker Brigand)        Turns: 32399, Time: 01:26:48

Health: -2/160     AC:  9    Str: 17    XL:     18   Next: 81%
Magic:  0/33       EV:  4    Int:  7    God:    Uskayaw [***...]
Gold:   767        SH: 20    Dex: 25    Spells: 17/17 levels left

rFire   + . .      SeeInvis .   a - +9 quick blade (venom)
rCold   + . .      Faith    .   A - +2 tower shield {rPois}
rNeg    . . .      Spirit   +   K - +13 crystal plate armour of Daisies {Str+2}
rPois   +          Reflect  .   f - +1 hat {Will+}
rElec   .          Harm     .   M - scarf {repulsion}
rCorr   .          Rampage  .   h - +0 pair of gloves
Will    +++..                   W - +1 pair of boots {Fly}
Stlth   ..........              I - amulet of Qeidd {+Inv Regen+ Int-4 Dex+2 Stlth+}
HPRegen 1.96/turn               n - +4 ring of evasion
MPRegen 0.23/turn               c - ring of protection from cold

@: berserking (expiring), corroded, flying, hasted and slowed, repel missiles
A: fangs 3, regeneration 1, magic shield, antimagic bite, no potion heal 2, fire
resistance 1
}: 1/15 runes: serpentine
a: Renounce Religion, Evoke Invisibility, Stomp, Line Pass


You were in an ice cave.
You worshipped Uskayaw.
Uskayaw was greatly pleased with you.
You visited 6 branches of the dungeon, and saw 32 of its levels.
You also visited: Ossuary, Bailey and Ice Cave.

You collected 3487 gold pieces.
You spent 2720 gold pieces at shops.

Inventory:

Hand Weapons
 a - a +9 quick blade of venom (weapon)
Missiles
 e - 10 curare-tipped darts
 D - 14 javelins
 J - 46 boomerangs (quivered)
 Q - a throwing net
 X - 7 datura-tipped darts
Armour
 b - a +2 kite shield of reflection
 f - a +1 hat of willpower (worn)
 h - a +0 pair of gloves (worn)
 A - a +2 tower shield of poison resistance (worn)
 K - the +13 crystal plate armour of Daisies (worn) {Str+2}
   (You acquired it on level 13 of the Dungeon)

   Str:       It affects your strength (+2).
 M - a scarf of repulsion (worn)
 W - a +1 pair of boots of flying (worn)
Jewellery
 c - a ring of protection from cold (right hand)
 n - a +4 ring of evasion (left hand)
 H - a +4 ring of evasion
 I - the amulet of Qeidd (around neck) {+Inv Regen+ Int-4 Dex+2 Stlth+}
   (You bought it in a shop on level 2 of the Orcish Mines)

   [amulet of regeneration]

   Int:       It affects your intelligence (-4).
   Dex:       It affects your dexterity (+2).
   +Inv:      It lets you turn invisible.
   Regen:     It increases your rate of health regeneration.
   Stlth:     It makes you more stealthy.
 S - a ring of protection from fire
 V - the brooch of Shielding {Spirit SH+8}
   (You found it in a bailey)

   [amulet of guardian spirit]

   It causes incoming damage to be divided between your reserves of health and
   magic.
   SH:        It affects your SH (+8).
Wands
 p - a wand of paralysis (6)
 r - a wand of digging (17)
 B - a wand of iceblast (33)
 C - a wand of charming (5)
 F - a wand of polymorph (27)
 G - a wand of acid (6)
 T - a wand of flame (25)
Scrolls
 q - 8 scrolls of magic mapping
 s - 6 scrolls of teleportation
 u - 6 scrolls of fear
 x - 3 scrolls of enchant armour
 y - 3 scrolls of silence
 E - 3 scrolls of fog
 L - 10 scrolls of blinking
 Y - a scroll of summoning
Potions
 g - 4 potions of cancellation
 i - a potion of berserk rage
 j - 4 potions of ambrosia
 k - 9 potions of haste
 l - 5 potions of lignification
 m - 16 potions of curing
 o - 8 potions of attraction
 t - 4 potions of resistance
 w - 8 potions of might
 z - 6 potions of mutation
 O - a potion of invisibility
 P - 2 potions of magic
Miscellaneous
 N - a lightning rod (3/4)
 R - a tin of tremorstones (2/2)
 U - a box of beasts (inert)


   Skills:
 - Level 17.1 Fighting
 - Level 10.0 Short Blades
 - Level 4.0 Throwing
 + Level 9.5 Armour
 - Level 1.2 Dodging
 - Level 10.0 Stealth
 + Level 7.8 Shields
 + Level 21.7 Invocations
 + Level 9.9 Evocations


You had 17 spell levels left.
You didn't know any spells.
Your spell library contained the following spells:

 Spells                   Type           Power      Damage    Failure   Level
 Animate Skeleton         Necr           0%         N/A       100%        1
 Beastly Appendage        Tmut           0%         N/A       100%        1
 Pain                     Necr           0%         1d4       100%        1
 Slow                     Hex            0%         N/A       100%        1
 Summon Small Mammal      Summ           0%         N/A       100%        1
 Corpse Rot               Necr/Air       0%         N/A       100%        2
 Ensorcelled Hibernation  Hex/Ice        0%         N/A       100%        2
 Passwall                 Tmut/Erth      0%         N/A       100%        2
 Poisonous Vapours        Pois/Air       0%         N/A       100%        2
 Scorch                   Fire           0%         2d5       100%        2
 Static Discharge         Conj/Air       0%         N/A       100%        2
 Wereblood                Tmut           0%         N/A       100%        2
 Call Canine Familiar     Summ           0%         N/A       100%        3
 Confusing Touch          Hex            0%         N/A       100%        3
 Conjure Flame            Conj/Fire      0%         6-21      100%        3
 Dazzling Flash           Conj/Hex       0%         N/A       100%        3
 Frozen Ramparts          Ice            0%         1d2       100%        3
 Ignite Poison            Fire/Tmut/Pois 0%         N/A       100%        3
 Inner Flame              Hex/Fire       0%         N/A       100%        3
 Spider Form              Tmut/Pois      0%         N/A       100%        3
 Summon Guardian Golem    Hex/Summ       0%         N/A       100%        3
 Swiftness                Air            0%         N/A       100%        3
 Tukima's Dance           Hex            0%         N/A       100%        3
 Vampiric Draining        Necr           0%         2d6       100%        3
 Airstrike                Air            0%         N/A       100%        4
 Anguish                  Hex/Necr       0%         N/A       100%        4
 Cause Fear               Hex            0%         N/A       100%        4
 Flame Wave               Conj/Fire      0%         2d4       100%        4
 Ice Form                 Ice/Tmut       0%         N/A       100%        4
 Sticky Flame             Conj/Fire      0%         2d3       100%        4
 Summon Ice Beast         Ice/Summ       0%         N/A       100%        4
 Summon Lightning Spire   Summ/Air       0%         N/A       100%        4
 Agony                    Necr           0%         N/A       100%        5
 Blade Hands              Tmut           0%         N/A       100%        5
 Fireball                 Conj/Fire      0%         3d3       100%        5
 Irradiate                Conj/Tmut      0%         3d13      100%        5
 Lightning Bolt           Conj/Air       0%         1d11      100%        5
 Silence                  Hex/Air        0%         N/A       100%        5
 Dispersal                Tloc           0%         N/A       100%        6
 Statue Form              Tmut/Erth      0%         N/A       100%        6
 Summon Cactus Giant      Summ           0%         N/A       100%        6
 Dragon Form              Tmut           0%         N/A       100%        7
 Malign Gateway           Summ/Tloc      0%         N/A       100%        7
 Disjunction              Tloc           0%         N/A       100%        8
 Lehudib's Crystal Spear  Conj/Erth      0%         10d2      100%        8
 Maxwell's Capacitive Co  Air            0%         ∞         100%        8
 Summon Horrible Things   Summ           0%         N/A       100%        8
 Dragon's Call            Summ           0%         N/A       100%        9
 Fire Storm               Conj/Fire      0%         5d1       100%        9


Dungeon Overview and Level Annotations

Branches:
Dungeon (15/15)            Temple (1/1) D:4            Lair (6/6) D:8
 Shoals (4/4) Lair:2        Snake (4/4) Lair:4        Slime (0/5) Lair:6
    Orc (2/2) D:12            Elf (0/3) Orc:2        Vaults (0/5) D:14
 Depths (0/4) D:15        Ossuary (visited)          Bailey (visited)
  IceCv (1/1)

Altars:
Ashenzari
Cheibriados
Dithmenos
Elyvilon
Fedhas
Gozag
Hepliaklqana
Kikubaaqudgha
Makhleb
Nemelex Xobeh
Okawaru
Qazlal
Ru
Sif Muna
Trog
Uskayaw
Vehumet
Wu Jian
Xom
Yredelemnul
Zin
The Shining One

Shops:
D:4 (   D:5 (   Orc:1 *   Orc:2 ?*=:=*!   Shoals:2 ?   Snake:3 =

Annotations:
D:9 3 runed translucent doors
Lair:6 exclusion: 2 oklob plants IceCv exclusion: 2 obsidian statues


Innate Abilities, Weirdness & Mutations

You have razor-sharp teeth.
Your natural rate of healing is unusually fast.
When hurt, damage is shared between your health and your magic reserves.
Your bite disrupts and absorbs the magic of your enemies.
Potions cannot restore your health.
Your flesh is heat resistant. (rF+)


Message History

You closely miss the freezing wraith.
You bite the freezing wraith, but do no damage.
The freezing wraith is heavily damaged.
You block the sun demon's attack. You block the ice devil's attack.
The rust devil hits you.
* * * LOW HITPOINT WARNING * * *
The rust devil corrodes you!
You hit the freezing wraith but do no damage.
You bite the freezing wraith, but do no damage.
The freezing wraith is heavily damaged.
The sixfirhy hits you.
* * * LOW HITPOINT WARNING * * *
The sixfirhy shocks you!
* * * LOW HITPOINT WARNING * * *
You block the freezing wraith's attack.
The freezing wraith hits you but does no damage.
You block the sun demon's attack. You block the sixfirhy's attack.
The ice devil barely misses you. The rust devil hits you.
* * * LOW HITPOINT WARNING * * *
The rust devil corrodes you!
You are too berserk!
You hit the freezing wraith.
You bite the freezing wraith, but do no damage.
The freezing wraith is heavily damaged.
The sixfirhy hits you!
* * * LOW HITPOINT WARNING * * *
The sixfirhy shocks you!
* * * LOW HITPOINT WARNING * * *
You block the sixfirhy's attack.
The sun demon hits you but does no damage.
The freezing wraith barely misses you. The freezing wraith hits you.
* * * LOW HITPOINT WARNING * * *
The freezing wraith drains your vigour!
You feel as though you will be slow longer.
You completely miss the freezing wraith.
Your bite misses the freezing wraith.
The freezing wraith is heavily damaged.
The sixfirhy hits you but does no damage.
The sixfirhy hits you!
You die...

..............#
.......⌠.......#
...............#
...............#
#.............#
#.............#
#.....3W55..##
##8#..344#8##
##53@## # #.W.##
##...# ##...#
#...## ##...##
##.....##
#...∩...#
#...∩...#


You could see a sun demon (summoned), an ice devil (summoned), a rust devil
(summoned), 2 freezing wraiths, a sixfirhy (summoned), a ynoxinul (summoned), 2
quasits and a white imp (summoned).

Vanquished Creatures
  Bai Suzhen (Shoals:3)
  Polyphemus (Shoals:3)
  Gastronok (D:9)
  Agnes (Snake:2)
  4 nagarajas (Snake:4)
  A fire giant (D:15)
  A frost giant (Shoals:3)
  The ghost of Sucvi the Fighter, a journeyman MiFi of Okawaru (Orc:1)
  An orc warlord (Orc:2)
  3 dire elephants (Lair:6)
  The ghost of zishaf the Frost Mage, a journeyman BaIE of Cheibriados (Lair:3)
  2 green deaths (Snake:3)
  A merfolk impaler (Shoals:2)
  A fire dragon (D:15)
  An ettin (Orc:1)
  5 salamander tyrants (Snake:4)
  A yaktaur captain (D:14)
  13 hydras
  6 boulder beetles
  2 catoblepae
  Erolcha (Orc:1)
  9 naga warriors
  Harold (Orc:1)
  3 ice dragons
  A merfolk avatar (Shoals:2)
  Erica (Lair:2)
  8 anacondas
  An ogre mage (D:15)
  7 centaur warriors
  A dancing weapon (Lair:3)
  12 two-headed ogres
  9 death yaks
  A tengu warrior (D:13)
  Urug (D:10)
  6 orc high priests (Orc:2)
  2 shock serpents
  14 naga sharpshooters
  2 fire crabs
  Amaemon (Lair:1)
  8 sea snakes
  A spectral anaconda (Lair:6)
  An obsidian statue (Lair:6)
  A spriggan simulacrum (IceCv)
  10 naga ritualists
  An orange crystal statue (D:9)
  3 harpies (Shoals:2)
  3 necromancers (Lair:6)
  A lindwurm (Lair:4)
  9 orc knights
  2 wizards
  3 deep elf pyromancers
  9 mana vipers
  13 manticores
  11 ugly things
  3 salamanders
  An oklob plant (Lair:2)
  9 cyclopes
  A dire elephant zombie (Lair:6)
  19 elephants
  49 black mambas
  7 merfolk sirens
  3 guardian serpents
  13 naga magi
  A water nymph (Shoals:3)
  2 gargoyles
  A torpor snail (Lair:6)
  Psyche (D:9)
  3 orange demons
  11 cane toads
  A dire elephant skeleton (Lair:6)
  3 yaktaurs
  A tengu conjurer (D:15)
  A kobold demonologist (D:11)
  5 rime drakes
  An efreet (D:15)
  15 komodo dragons
  3 freezing wraiths
  2 burning bushes (Lair:6)
  6 trolls
  A troll (shapeshifter) (D:14)
  4 meliai
  A queen bee (D:10)
  7 polar bears
  A wolf spider simulacrum (D:11)
  12 merfolk
  A polar bear (shapeshifter) (D:14)
  Prince Ribbit (D:5)
  4 wind drakes
  13 blink frogs
  8 slime creatures
  7 snapping turtles
  2 spectral elephants (Lair:6)
  8 dream sheep
  3 centaur simulacra (D:13)
  2 water elementals
  3 wyverns
  3 wraiths
  67 yaks
  2 basilisks
  A dire elephant simulacrum (Lair:6)
  Grum (D:10)
  4 vampire mosquitoes
  A steam dragon (D:9)
  A minotaur simulacrum (IceCv)
  A death yak simulacrum (Lair:6)
  4 spectral cane toads (Lair:6)
  A harpy simulacrum (IceCv)
  52 nagas
  2 wargs
  11 water moccasins
  2 acid dragons
  Duvessa (D:6)
  43 orc warriors
  5 black bears
  2 sky beasts (D:7)
  2 elephant zombies (Lair:6)
  An alligator simulacrum (IceCv)
  A boggart (D:15)
  6 ogres
  19 wolves
  10 centaurs
  An elephant skeleton (Lair:6)
  A phantom (D:5)
  9 bullfrogs
  2 kobold brigands
  2 necrophages (D:5)
  6 scorpions
  A deep troll simulacrum (IceCv)
  2 cane toad simulacra (Lair:6)
  8 wights
  Dowan (D:6)
  22 killer bees
  2 elephant simulacra (Lair:6)
  6 electric eels
  5 jellies
  38 orc priests
  3 hounds
  Natasha (thrice) (D:2)
  A gnoll shaman (D:6)
  14 iguanas
  22 orc wizards
  14 mummies (Ossuary)
  18 gnolls
  10 adders
  2 shadow imps
  10 white imps
  An ufetubus (D:13)
  4 worms (D:10)
  2 dart slugs
  97 orcs
  13 endoplasms
  4 giant cockroaches
  12 goblins
  8 hobgoblins
  7 jackals
  31 kobolds
  6 quokkas
  7 ball pythons
  3 bats (D:1)
  6 frilled lizards
  3 gnoll skeletons (Ossuary)
  2 goblin skeletons (Ossuary)
  A kobold skeleton (Ossuary)
  2 orc skeletons (Ossuary)
  A rat (D:3)
  11 rat skeletons (Ossuary)
1112 creatures vanquished.

Vanquished Creatures (collateral kills)
  A cyclops (Shoals:3)
  A hobgoblin (D:4)
2 creatures vanquished.

Vanquished Creatures (others)
  36 fungi
  34 plants
  4 toadstools (D:2)
  26 withered plants (Lair:6)
100 creatures vanquished.

Grand Total: 1214 creatures vanquished

Notes
Turn   | Place    | Note
-------+----------+-------------------------------------------
     0 | D:1      | zishaf the Vine Stalker Brigand began the quest for the
                  | Orb.
     0 | D:1      | Reached XP level 1. HP: 11/11 MP: 2/2
   478 | D:1      | Reached skill level 5 in Stealth
   478 | D:1      | Reached XP level 2. HP: 15/15 MP: 3/3
   984 | D:1      | Reached XP level 3. HP: 18/18 MP: 4/4
  1503 | D:2      | Gained mutation: Your natural rate of healing is unusually
                  | fast. [Vine Stalker growth]
  1503 | D:2      | Reached XP level 4. HP: 23/23 MP: 5/5
  1552 | D:2      | Noticed Natasha
  1555 | D:2      | Killed Natasha
  1610 | D:2      | Identified the +1 robe of the Devil's Team {Str+2}
  1730 | D:2      | HP: 1/23 [acid (5)]
  1733 | D:2      | Reached XP level 5. HP: 2/27 MP: 2/6
  1922 | D:2      | Noticed Natasha
  1937 | D:2      | Killed Natasha
  2042 | D:2      | Noticed Natasha
  2049 | D:2      | Killed Natasha
  2092 | D:2      | Reached XP level 6. HP: 32/32 MP: 7/7
  2130 | D:3      | Found a shimmering altar of Xom.
  2145 | D:3      | Noticed a water moccasin
  2167 | D:3      | Killed a water moccasin
  2299 | D:3      | Found an opulent altar of Gozag.
  2356 | D:3      | Found a snail-covered altar of Cheibriados.
  2429 | D:3      | Reached XP level 7. HP: 37/37 MP: 8/8
  2664 | D:4      | Found Raupeif's Antique Weapon Shop.
  2758 | D:4      | Found a staircase to the Ecumenical Temple.
  2794 | Temple   | Entered the Ecumenical Temple
  2865 | Temple   | Became a worshipper of Uskayaw the Reveller
  2909 | D:4      | Reached * piety under Uskayaw
  2923 | D:4      | Reached ** piety under Uskayaw
  2928 | D:4      | Reached *** piety under Uskayaw
  2932 | D:4      | Reached **** piety under Uskayaw
  2935 | D:4      | Reached skill level 1 in Invocations
  2959 | D:4      | Found a sand-covered staircase.
  2975 | Ossuary  | Entered an ossuary
  3090 | Ossuary  | Reached skill level 2 in Invocations
  3288 | Ossuary  | Gained mutation: You have razor-sharp teeth. [Vine Stalker
                  | growth]
  3288 | Ossuary  | Reached XP level 8. HP: 42/42 MP: 10/10
  3376 | D:4      | Gained mutation: Your system is resistant to poisons.
                  | (rPois) [potion of mutation]
  3591 | D:4      | Reached skill level 3 in Invocations
  3861 | D:5      | Entered Level 5 of the Dungeon
  3884 | D:5      | Found Fiarr's Weapon Shoppe.
  3940 | D:5      | Reached skill level 5 in Fighting
  3940 | D:5      | Reached skill level 5 in Short Blades
  3959 | D:5      | Reached skill level 4 in Invocations
  4047 | D:5      | Noticed Prince Ribbit
  4054 | D:5      | Killed Prince Ribbit
  4055 | D:5      | Reached skill level 5 in Invocations
  4187 | D:5      | Reached XP level 9. HP: 43/47 MP: 12/14
  4462 | D:5      | Reached skill level 6 in Invocations
  4472 | D:5      | Found a glowing silver altar of Zin.
  4845 | D:6      | Noticed Duvessa
  4845 | D:6      | Noticed Dowan
  4873 | D:6      | Killed Duvessa
  4880 | D:6      | Killed Dowan
  5015 | D:6      | Got the Compendium of Context
  5580 | D:7      | Reached skill level 7 in Invocations
  6466 | D:8      | Reached ***** piety under Uskayaw
  6467 | D:8      | Reached skill level 8 in Invocations
  6467 | D:8      | Reached XP level 10. HP: 49/53 MP: 15/17
  6473 | D:8      | Reached ****** piety under Uskayaw
  6500 | D:8      | Noticed a two-headed ogre
  6507 | D:8      | Found a flagged portal.
  6511 | D:8      | Found a staircase to the Lair.
  6516 | Bailey   | Entered a bailey
  6731 | Bailey   | Found the brooch of Shielding {Spirit SH+8}
  6912 | D:8      | Killed a two-headed ogre
  6989 | D:8      | Reached skill level 9 in Invocations
  7560 | D:8      | Reached skill level 1 in Dodging
  7575 | D:9      | Reached skill level 1 in Evocations
  7592 | D:9      | Reached skill level 1 in Armour
  7700 | D:9      | Reached XP level 11. HP: 59/59 MP: 19/19
  7726 | D:9      | Found a runed translucent door.
  7741 | D:9      | Found a runed translucent door.
  7791 | D:9      | Noticed Gastronok
  7875 | D:9      | Killed Gastronok
  7876 | D:9      | Reached skill level 10 in Invocations
  8198 | D:9      | Noticed Psyche
  8249 | D:9      | Killed Psyche
  8426 | D:9      | Found a runed translucent door.
  8441 | D:9      | Found a runed translucent door.
  8630 | D:9      | Noticed an orange crystal statue
  8700 | D:10     | Entered Level 10 of the Dungeon
  8700 | D:10     | Noticed Grum
  8713 | D:10     | Killed Grum
  8804 | D:10     | Noticed a two-headed ogre
  8833 | D:10     | Killed a two-headed ogre
  8989 | D:10     | Reached skill level 11 in Invocations
  9053 | D:10     | Noticed Urug
  9067 | D:10     | Killed Urug
  9137 | D:10     | Found a sacrificial altar of Ru.
  9428 | D:10     | Found a bloodstained altar of Trog.
  9680 | D:10     | Reached XP level 12. HP: 57/65 MP: 15/21
  9804 | Lair:1   | Entered Level 1 of the Lair of Beasts
 10627 | Lair:2   | Noticed a four-headed hydra
 10640 | Lair:1   | Killed a four-headed hydra
 10926 | Lair:2   | Noticed a seven-headed hydra
 10937 | Lair:2   | Killed a seven-headed hydra
 10938 | Lair:2   | Reached skill level 12 in Invocations
 10942 | Lair:2   | Found a staircase to the Shoals.
 11116 | Lair:2   | Reached skill level 5 in Evocations
 11136 | Lair:2   | Noticed Amaemon
 11194 | Lair:1   | Killed Amaemon
 11591 | Lair:2   | Reached XP level 13. HP: 61/70 MP: 23/23
 11615 | Lair:2   | Noticed Erica
 11664 | Lair:2   | Killed Erica
 11665 | Lair:2   | Reached skill level 5 in Armour
 11726 | Lair:2   | Reached skill level 13 in Invocations
 11768 | Lair:2   | Identified the +7 dagger of Oruosaal {vamp, Will+}
 12753 | Lair:3   | Found a runed translucent door.
 12753 | Lair:3   | Found a shimmering altar of Xom.
 12753 | Lair:3   | Noticed zishaf's ghost (journeyman BaIE)
 13277 | Lair:4   | Reached skill level 10 in Fighting
 13277 | Lair:4   | Reached skill level 10 in Short Blades
 13435 | Lair:4   | Reached skill level 14 in Invocations
 13757 | Lair:4   | You are sucked into a shaft and drop 1 floor!
 14118 | Lair:4   | Reached XP level 14. HP: 68/77 MP: 23/25
 14124 | Lair:4   | Found a staircase to the Snake Pit.
 14778 | Lair:5   | Reached skill level 10 in Stealth
 14778 | Lair:5   | Reached skill level 15 in Invocations
 15031 | Lair:6   | Entered Level 6 of the Lair of Beasts
 15347 | Lair:6   | Reached skill level 1 in Shields
 15509 | Lair:6   | Noticed a dire elephant
 15509 | Lair:6   | Noticed a dire elephant
 15509 | Lair:6   | Noticed a dire elephant
 15953 | D:11     | Reached skill level 16 in Invocations
 16802 | D:12     | Identified the +10 short sword of the Tent {vorpal, rN+}
 16975 | D:12     | Reached XP level 15. HP: 84/84 MP: 28/28
 17225 | D:12     | Found a staircase to the Orcish Mines.
 18083 | D:13     | Identified 3 scrolls of acquirement
 18083 | D:13     | Acquired a manual of Fighting
 18085 | D:13     | Acquired a manual of Invocations
 18087 | D:13     | Acquired the +13 crystal plate armour of Daisies {Str+2}
 18117 | D:13     | Reached skill level 17 in Invocations
 18697 | Lair:6   | Reached skill level 5 in Shields
 19499 | Lair:6   | Reached skill level 18 in Invocations
 19795 | Lair:6   | Found a staircase to the Slime Pits.
 20265 | Orc:1    | Entered Level 1 of the Orcish Mines
 20311 | Orc:1    | Noticed Harold
 20329 | Orc:1    | Killed Harold
 20438 | Orc:1    | Found a runed translucent door.
 20454 | Orc:1    | Noticed Sucvi's ghost (journeyman MiFi)
 20497 | Orc:1    | Noticed Erolcha
 20508 | Orc:1    | Killed Erolcha
 20532 | Orc:1    | Found Riva Fuess's CLEARANCE SALE!.
 20848 | Orc:1    | Killed Sucvi's ghost
 20904 | Orc:2    | Entered Level 2 of the Orcish Mines
 20942 | Orc:2    | Found Ditet's Assorted Antiques.
 21205 | Orc:2    | Found Bivots's Distillery.
 21257 | Orc:2    | Found a staircase to the Elven Halls.
 21285 | Orc:2    | Found Lobrad's Magic Scroll Boutique.
 21329 | Orc:2    | HP: 4/86 [orc priest/divine providence (11)]
 21336 | Orc:2    | HP: 3/86 [orc priest/divine providence (2)]
 21336 | Orc:2    | HP: 1/86 [orc priest/divine providence (2)]
 21480 | Orc:2    | Noticed an orc warlord
 21510 | Orc:2    | Killed an orc warlord
 21511 | Orc:2    | Reached skill level 19 in Invocations
 21537 | Orc:2    | Reached XP level 16. HP: 79/91 MP: 30/30
 22071 | Orc:2    | Found Wiwedwast's Assorted Antiques.
 22071 | Orc:2    | Found Yhuseked's Jewellery Shoppe.
 22072 | Orc:2    | Found Jiwnol's Jewellery Emporium.
 22072 | Orc:2    | Found Ymeyceorir's Book Shoppe.
 22260 | Orc:2    | Bought a scroll of acquirement for 1924 gold pieces
 22260 | Orc:2    | Acquired a +4 quick blade
 22306 | Orc:2    | Bought a scroll of enchant weapon for 75 gold pieces
 22349 | Orc:2    | Bought the amulet of Qeidd {+Inv Regen+ Int-4 Dex+2 Stlth+}
                  | for 511 gold pieces
 22603 | D:14     | Reached skill level 20 in Invocations
 22631 | D:14     | Identified the +7 broad axe "Nebbo" {freeze, rN+ Str-3
                  | Int+3 Dex+4}
 22743 | D:14     | Found a gate to the Vaults.
 23164 | D:15     | Entered Level 15 of the Dungeon
 23450 | D:15     | Found a staircase to the Depths.
 23747 | D:15     | Reached skill level 15 in Fighting
 23815 | D:15     | Identified the +10 hand axe "Zofut" {vamp, Fragile rPois
                  | Will+ Str+4}
 23816 | D:15     | Got the Disquisition on the Frostbite and Enchantment
 23816 | D:15     | Got the Grimoire of Ignition
 24282 | Snake:1  | Entered Level 1 of the Snake Pit
 24798 | Lair:3   | Killed zishaf's ghost
 24901 | Snake:1  | Lost mutation: Your system is resistant to poisons. (rPois)
                  | [potion of mutation]
 24901 | Snake:1  | Gained mutation: You tend to lose your temper in combat.
                  | [potion of mutation]
 24902 | Snake:1  | Lost mutation: You tend to lose your temper in combat.
                  | [potion of mutation]
 24902 | Snake:1  | Gained mutation: You are partially covered in iridescent
                  | scales. (AC +2) [potion of mutation]
 24902 | Snake:1  | Gained mutation: You have sharp toenails. [potion of
                  | mutation]
 24902 | Snake:1  | Gained mutation: Armour fits poorly on your strangely
                  | shaped body. [potion of mutation]
 24903 | Snake:1  | Lost mutation: You have sharp toenails. [potion of
                  | mutation]
 24903 | Snake:1  | Lost mutation: Armour fits poorly on your strangely shaped
                  | body. [potion of mutation]
 24903 | Snake:1  | Lost mutation: You are partially covered in iridescent
                  | scales. (AC +2) [potion of mutation]
 24903 | Snake:1  | Gained mutation: Your flesh is heat resistant. (rF+)
                  | [potion of mutation]
 24903 | Snake:1  | Gained mutation: Your spells are a little easier to cast,
                  | but a little less powerful. [potion of mutation]
 24903 | Snake:1  | Lost mutation: Your spells are a little easier to cast, but
                  | a little less powerful. [potion of mutation]
 24942 | Snake:1  | Reached XP level 17. HP: 99/99 MP: 32/32
 25449 | Snake:1  | Identified the +7 short sword of Excruciating Pain {vorpal,
                  | Will+}
 26002 | Snake:2  | Identified the +0 leather armour of Prudence {Regen+ Int+4
                  | Stlth-}
 26346 | Snake:2  | Noticed Agnes
 26365 | Snake:2  | Killed Agnes
 26538 | Snake:2  | Reached skill level 21 in Invocations
 27296 | Snake:3  | Found Teigyer's Jewellery Emporium.
 27519 | Snake:3  | Found a runed translucent door.
 28311 | Snake:3  | Identified the +0 plate armour "Cid Teah" {Rampage Str-5
                  | Slay+2}
 28336 | Snake:4  | Entered Level 4 of the Snake Pit
 28601 | Snake:4  | Reached XP level 18. HP: 107/107 MP: 33/33
 29066 | Snake:4  | Got a serpentine rune of Zot
 29529 | Shoals:1 | Entered Level 1 of the Shoals
 30597 | Shoals:2 | Found Okai's Magic Scroll Shoppe.
 30606 | Shoals:2 | Bought a scroll of enchant weapon for 105 gold pieces
 30606 | Shoals:2 | Bought a scroll of enchant weapon for 105 gold pieces
 30891 | Shoals:2 | You are sucked into a shaft and drop 1 floor!
 31080 | Shoals:3 | Noticed Polyphemus
 31095 | Shoals:3 | Killed Polyphemus
 31154 | Shoals:3 | Noticed Bai Suzhen
 31746 | Shoals:3 | Killed Bai Suzhen
 32314 | Shoals:4 | Entered Level 4 of the Shoals
 32324 | Shoals:4 | Found a frozen archway.
 32347 | IceCv    | Entered an ice cave
 32398 | IceCv    | HP: 3/160 [sixfirhy[an obsidian statue] (9)]
 32399 | IceCv    | Slain by a sixfirhy

Illustrated notes

Levels and vault maps discovered:
D:1:      wander_arrival_lonely_grave, layout_basic
D:2:      cheibrodos_fertilizer, layout_rooms, uniq_natasha
D:3:      layout_rooms, grunt_gozag_statues, overflow_temple_1_default,
          xom_butterflies
D:4:      layout_cave_pools, temple_statues,
          nicolae_ossuary_entry_false_entrances, serial_shops,
          nicolae_stop_n_shop_2, nicolae_concentric_dashed_squares_wild
D:5:      layout_rooms, lemuel_coloured_pillars_altar, serial_shops,
          nicolae_shop_crystal, uniq_prince_ribbit1
D:6:      layout_cave_pods, uniq_duvessa
D:7:      layout_basic
D:8:      layout_loops_ring, lair_entry_dummy, enter_bailey_6
D:9:      layout_basic, serial_aquarium, aquarium_bridge_straight
          [aquarium_subvault_bridge, aquarium_subvault_wall,
          aquarium_subvault_bridge, aquarium_subvault_wall],
          aquarium_bridge_square [aquarium_subvault_bridge,
          aquarium_subvault_wall, aquarium_subvault_window,
          aquarium_subvault_bridge], aquarium_window_corner,
          aquarium_window_corner, aquarium_view_2a, aquarium_view_2c,
          aquarium_balcony_double_4, minmay_statue_crystal_thing, uniq_psyche,
          uniq_gastronok
D:10:     layout_basic, nicolae_ru_sacrificial_ziggurat, bloody_trog,
          hive_lemuel, uniq_urug, uniq_grum
D:11:     layout_layer_cave
D:12:     layout_cave_pools, david_orc_4
D:13:     layout_cave_pods, serial_ice, serial_ice_m, serial_ice_a,
          serial_ice_k, serial_ice_n, serial_ice_o, serial_ice_c, serial_ice_f,
          serial_ice_b, serial_ice_e, serial_ice_h, einodemon_barbed_minivault
D:14:     layout_rooms, david_vaults_2, minmay_increasing_density
D:15:     grunt_enter_depths_hoard, layout_long_grid, grunt_decor_one_mirror,
          minmay_the_grid_2x2 [minmay_the_grid_mess,
          minmay_the_grid_minigrid_small_alt, minmay_the_grid_stretched_grid,
          minmay_the_grid_prize_shrinking_boxes]
Temple:   nicolae_temple_elliptical
Lair:1:   beast_lair_carwin_large_3, layout_gridlike
Lair:2:   layout_layer_cave, elwin_shoals_entry_stream,
          minmay_lair_oklob_bushes, gammafunk_lair_bear_cave, uniq_amaemon,
          uniq_erica
Lair:3:   layout_gridlike, serial_rivers, chequers_serial_rivers_large_a,
          chequers_serial_rivers_room_b, chequers_serial_rivers_small_b,
          chequers_serial_rivers_small_3, ebering_ghost_xom
Lair:4:   layout_roguey, minmay_snake_entry_guardpost_small, beast_lair_carwin_6
Lair:5:   layout_gridlike
Lair:6:   due_jungle_book, layout_long_grid, minmay_slime_entry_oklob_enclosed,
          fungi_pond_lemuel, evilmike_ambush [evilmike_ambush_outer_basic,
          evilmike_ambush_inner_cross]
Shoals:1: layout_shoals
Shoals:2: layout_shoals, serial_shops, nicolae_shop_advertising_works
          [nicolae_subvault_shop_adworks]
Shoals:3: layout_shoals, uniq_bai_suzhen, uniq_polyphemus
Shoals:4: shoals_end_hangedman, layout_shoals, portal_ice_cave_entry_dragon
Snake:1:  layout_chambers, grunt_megastairs_3, serial_bayou_shore_b
Snake:2:  layout_grid_maze, drop_trap, lemuel_fruit_tree, uniq_agnes
Snake:3:  cheibrodos_toxic_ritual, layout_chambers,
          nicolae_snake_gridmaze_zigzag, st_stairs_2, nicolae_take_the_stairs
Snake:4:  minmay_snake_end_coiled, layout_rooms
Orc:1:    layout_diamond_mine, ebering_ghost_inner_flame,
          nicolae_shop_clearance, uniq_erolcha, uniq_harold
Orc:2:    st_orc_pillars, layout_caves, serial_shops, shop,
          nicolae_shop_statue_plus, nicolae_shop_behind_doors
IceCv:    ice_cave_tombish

Skill      XL: |  1  2  3  4  5  6  7  8  9 10 11 12 13 14 15 16 17 18 |
---------------+-------------------------------------------------------+-----
Fighting       | 2 3 4 5 6 7 8 9 10 11 13 15 16 17 | 17.1
Short Blades   | 2 3 4 5 6 7 8 9 10 | 10.0
Throwing       | 2 3 4 |  4.0
Stealth        | 5 6 7 9 10 | 10.0
Invocations    | 2 5 8 9 11 12 14 16 19 20 21 | 21.7
Dodging        | 1 |  1.2
Evocations     | 1 3 5 6 8 9 |  9.9
Armour         | 1 3 4 5 6 8 9 |  9.5
Shields        | 3 6 7 |  7.8

Action                   |  1- 3 |  4- 6 |  7- 9 | 10-12 | 13-15 | 16-18 || total
-------------------------+-------+-------+-------+-------+-------+-------++-------
Melee: Dagger            |   103 |   129 |   517 |   650 |  1554 |       ||  2953
       Bite              |    13 |    35 |   171 |   240 |   836 |   791 ||  2086
       Punch             |       |     4 |     5 |    12 |    15 |       ||    36
       Short sword       |       |       |       |       |   185 |   200 ||   385
       Quick blade       |       |       |       |       |       |  1401 ||  1401
 Fire: Hunting sling     |       |     4 |       |       |       |       ||     4
Throw: Dart              |       |     3 |     5 |    46 |     2 |       ||    56
       Boomerang         |       |       |       |     9 |       |    11 ||    20
Invok: Grand Finale      |       |       |       |     2 |     2 |     3 ||     7
       Stomp             |       |       |       |       |       |     2 ||     2
Evoke: Piece from Xom's  |       |     1 |       |       |       |       ||     1
       Wand              |       |       |       |     8 |     7 |       ||    15
       Tin of tremorston |       |       |       |       |     3 |     1 ||     4
       Lightning rod     |       |       |       |       |       |     3 ||     3
       Box of beasts     |       |       |       |       |       |     1 ||     1
  Use: Scroll            |       |       |    19 |     9 |    10 |    12 ||    50
       Potion            |       |       |     2 |       |     2 |     5 ||     9
 Stab: Sleeping          |     6 |     5 |    18 |     8 |    18 |       ||    55
       Distracted        |       |     1 |     1 |       |     3 |    23 ||    28
       Paralysed         |       |       |    19 |    34 |   102 |    94 ||   249
       Petrified         |       |       |       |       |     5 |     2 ||     7
       Petrifying        |       |       |       |       |       |     1 ||     1
Armor: Robe              |     2 |       |       |       |       |       ||     2
       Ring mail         |    30 |    31 |   148 |   117 |   226 |       ||   552
       Crystal plate arm |       |       |       |       |   188 |   503 ||   691
Dodge: Dodged            |    50 |    54 |   277 |   261 |   450 |   257 ||  1349
       Repelled          |       |       |       |       |    11 |    15 ||    26
Block: Other             |       |       |       |   162 |   132 |       ||   294
       Buckler           |       |       |       |       |   533 |   133 ||   666
       Tower shield      |       |       |       |       |       |   851 ||   851

Table legend: (Time is in decaauts)
 A = Elapsed time spent in this place.
 B = Non-inter-level travel time spent in this place.
 C = Inter-level travel time spent in this place.
 D = Time resting spent in this place.
 E = Time spent auto-exploring this place.
 F = Levels seen in this place.
 G = Mean time per level.
                   A        B        C        D        E       F      G
               +--------+--------+--------+--------+--------+-----+--------+
         Total |  30596 |  27867 |   2729 |    703 |  19052 |  35 |  874.2 |
       Dungeon |  13364 |  12088 |   1276 |     89 |   8638 |  15 |  890.9 |
        Temple |     95 |     95 |      0 |      0 |      0 |   1 |   95.0 |
          Lair |   7262 |   6450 |    812 |    381 |   4229 |   6 | 1210.3 |
        Shoals |   2646 |   2566 |     80 |     74 |   1831 |   4 |  661.5 |
     Snake Pit |   4503 |   4162 |    341 |     21 |   3098 |   4 | 1125.8 |
  Orcish Mines |   2024 |   1806 |    218 |    138 |   1044 |   2 | 1012.0 |
       Ossuary |    328 |    328 |      0 |      0 |    178 |   1 |  328.0 |
        Bailey |    331 |    331 |      0 |      0 |     34 |   1 |  331.0 |
      Ice Cave |     40 |     40 |      0 |      0 |      0 |   1 |   40.0 |
               +--------+--------+--------+--------+--------+-----+--------+

Top non-repeatable levels by time:
  Lair:6: 1728 daAuts
   Orc:2: 1406 daAuts
     D:9: 1401 daAuts
  Lair:2: 1394 daAuts
  Lair:3: 1254 daAuts
 Snake:1: 1251 daAuts
 Snake:3: 1196 daAuts
     D:1: 1134 daAuts
 Snake:2: 1117 daAuts
  Lair:1: 1031 daAuts
    D:13: 1014 daAuts
Shoals:3: 1007 daAuts
    D:10: 996 daAuts
    D:11: 992 daAuts
     D:2: 968 daAuts
